 Dungeon Crawl Stone Soup version 0.26-a0-660-gc07710193c (webtiles) character file.

Game seed: 15029857932867936882

74 dickylongcocking the Stinger (level 4, -1/18 HPs)
             Began as a Felid Venom Mage on Oct 5, 2020.
             Slain by a lemure (7 damage)
             ... led by Pikel
             ... on level 4 of the Dungeon.
             The game lasted 00:07:32 (5064 turns).

dickylongcocking the Stinger (Felid Venom Mage)     Turns: 5064, Time: 00:07:33

Health: -1/18      AC:  1    Str:  4    XL:     4   Next: 9%
Magic:  0/9        EV: 18    Int: 17    God:
Gold:   118        SH:  0    Dex: 16    Spells: 1/9 levels left
                                        Lives:  0   Deaths: 1

rFire    . . .     SeeInvis +   (weapon unavailable)
rCold    . . .     Faith    .   (shield unavailable)
rNeg     . . .     Spirit   +   (armour unavailable)
rPois    .         Reflect  .   (helmet unavailable)
rElec    .         Harm     .   (cloak unavailable)
rCorr    .         Rampage  .   (gloves unavailable)
MR       .....                  (boots unavailable)
Stlth    +++.......             n - amulet of guardian spirit
HPRegen  0.06/turn              (no ring)
MPRegen  0.11/turn              (no ring)

@: quick
A: very small, no armour, no weapons or thrown items, stealth, claws 1, fangs 3,
see invisible, speed 1, shaggy fur 1, sharp paws
a: no special abilities


You were on level 4 of the Dungeon.
You visited 1 branch of the dungeon, and saw 4 of its levels.

You collected 118 gold pieces.

Inventory:

Jewellery
 g - an uncursed ring of fire
 n - an amulet of guardian spirit (around neck)
Scrolls
 a - a scroll of remove curse
 f - a scroll of noise
 j - 2 scrolls of identify {unknown}
 k - a scroll of blinking {unknown}
 l - a scroll of enchant armour {unknown}
Potions
 b - a potion of heal wounds
 i - a potion of degeneration
 m - 2 potions of berserk rage


   Skills:
 - Level 2.6 Dodging
 - Level 2.6 Stealth
 * Level 3.2 Spellcasting
 - Level 3.0 Transmutations
 * Level 3.6 Poison Magic


You had one spell level left.
You knew the following spells:

 Your Spells              Type           Power        Failure   Level
a - Sting                 Tmut/Pois      ##..         4%          1
b - Olgreb's Toxic Radia  Pois           ###.....     36%         4
i - Ignite Poison         Fire/Tmut/Pois ##......     21%         3

Your spell library contained the following spells:

 Spells                   Type           Power        Failure   Level
 Poisonous Vapours        Pois/Air       #.....       12%         2
 Mephitic Cloud           Conj/Pois/Air  #.......     30%         3


Dungeon Overview and Level Annotations

Branches:
Dungeon (4/15)
 Temple: D:4-7

Altars:

Annotations:
D:4 Pikel, Sigmund


Innate Abilities, Weirdness & Mutations

You cannot wear armour.
You are incapable of wielding weapons or throwing items.
Your paws allow you to move quietly. (Stealth)
You have sharp claws.
You have razor-sharp teeth.
You have supernaturally acute eyesight. (SInv)
You cover ground quickly.
You are covered in fur. (AC +1)
Your sharp claws are effective at attacking unaware monsters.


Message History

Aim: a hound (lightly wounded, poisoned)
The sting misses the hound.
The hound misses you. The lemure closely misses you. The gnoll misses you.
The hound closely misses you.
Casting: Sting (safe; 4% risk of failure)
Confirm with . or Enter, or press ? or * to list all spells.
Aiming: Sting (safe; 4% risk of failure)
Press: ? - help, Shift-Dir - straight line, f/p - hound
Aim: a hound (lightly wounded, poisoned)
The sting hits the hound but does no damage.
The hound looks even sicker.
The hound is lightly wounded.
The lemure closely misses you. The hound misses you. The gnoll misses you.
Casting: Sting (safe; 4% risk of failure)
Confirm with . or Enter, or press ? or * to list all spells.
Aiming: Sting (safe; 4% risk of failure)
Press: ? - help, Shift-Dir - straight line, f/p - hound
Aim: a hound (lightly wounded, very poisoned)
The sting misses the hound.
The hound misses you. The lemure hits you!
You die...

#####.......# #..#
#........##.####.##
.(.###.#####..#...# ##.#
##...### #..# #...##
#.######..###### #####
#.##.g..g........
#...####.##5####........
###..##..##@# .........
##.##.###h# .g?K.....
#....# ..# #....5?...
### ###..##.##
#......... ..##
##########. #....$..g.
...###.>...## #. .......
....#/......##..
.............#.#
S..............#


You could see a lemure, a hound (very poisoned) and a gnoll.

Vanquished Creatures
  A lemure (D:3)
  An iguana (D:4)
  2 adders
  A worm (D:3)
  A dart slug (D:2)
  A leopard gecko (D:1)
  An orc (D:3)
  A ball python (D:3)
  8 bats
  2 giant cockroaches (D:2)
  5 goblins
  9 hobgoblins
  6 jackals (D:2)
  4 quokkas (D:2)
  5 frilled lizards
  3 kobolds
  31 rats
82 creatures vanquished.

Notes
Turn   | Place    | Note
-------+----------+-------------------------------------------
     0 | D:1      | dickylongcocking the Felid Venom Mage began the quest for
                  | the Orb.
     0 | D:1      | Reached XP level 1. HP: 7/7 MP: 4/4
   433 | D:1      | Reached XP level 2. HP: 11/11 MP: 3/6
  1615 | D:2      | Reached XP level 3. HP: 9/14 MP: 2/7
  2867 | D:2      | Reached XP level 4. HP: 15/18 MP: 0/9
  3230 | D:2      | Learned a level 4 spell: Olgreb's Toxic Radiance
  3234 | D:2      | Learned a level 3 spell: Ignite Poison
  4499 | D:4      | Noticed Pikel
  4499 | D:4      | Noticed a lemure
  4499 | D:4      | Noticed a lemure
  4499 | D:4      | Noticed a lemure
  4499 | D:4      | Noticed a lemure
  4514 | D:3      | Killed a lemure
  4749 | D:4      | Noticed Sigmund
  4761 | D:3      | Mangled by a lemure
  4762 | D:3      | Reached XP level 3. HP: -9/14 MP: 0/8
  4835 | D:4      | Reached XP level 4. HP: 9/18 MP: 0/9
  5064 | D:4      | Slain by a lemure

Illustrated notes

Levels and vault maps discovered:
D:1:      psy_arrival_conway, layout_loops_ring
D:2:      minmay_general_purpose_star, layout_basic, minmay_rat_hole
D:3:      layout_basic
D:4:      layout_rooms, chequers_serial_rivers_micro_d, uniq_pikel, uniq_sigmund

Skill      XL: |  1  2  3  4 |
---------------+-------------+-----
Poison Magic   | 3 |  3.6
Transmutations | 2 3 |  3.0
Spellcasting   | 3 |  3.2
Dodging        | |  2.6
Stealth        | |  2.6

Action                   |  1- 3 |  4- 6 || total
-------------------------+-------+-------++-------
Melee: Unarmed           |    51 |    44 ||    95
       Bite              |     1 |     3 ||     4
 Cast: Sting             |    95 |    45 ||   140
       Ignite Poison     |     1 |     2 ||     3
       Olgreb's Toxic Ra |       |     1 ||     1
  Use: Scroll            |       |     7 ||     7
       Potion            |       |     6 ||     6
 Stab: Sleeping          |     6 |     5 ||    11
Armor: Skin              |     8 |     8 ||    16
Dodge: Dodged            |   102 |   124 ||   226

Table legend: (Time is in decaauts)
 A = Elapsed time spent in this place.
 B = Non-inter-level travel time spent in this place.
 C = Inter-level travel time spent in this place.
 D = Time resting spent in this place.
 E = Time spent auto-exploring this place.
 F = Levels seen in this place.
 G = Mean time per level.
                   A        B        C        D        E       F      G
               +--------+--------+--------+--------+--------+-----+--------+
         Total |   4637 |   4516 |    121 |    955 |   2952 |   4 | 1159.2 |
       Dungeon |   4637 |   4516 |    121 |    955 |   2952 |   4 | 1159.2 |
               +--------+--------+--------+--------+--------+-----+--------+

Top non-repeatable levels by time:
     D:2: 1696 daAuts
     D:1: 1693 daAuts
     D:3: 928 daAuts
     D:4: 319 daAuts
